 Dungeon Crawl Stone Soup version 0.26.0-57-g60708a5e39 (webtiles) character file.

Game seed: 8635670813580401557

116 swilekon the Chopper (level 5, -3/37 HPs)
             Began as an Octopode Monk on Feb 1, 2021.
             Killed from afar by an orc wizard (7 damage)
             ... with a magic dart
             ... on level 3 of the Dungeon.
             The game lasted 00:06:28 (2716 turns).

swilekon the Chopper (Octopode Monk)                Turns: 2716, Time: 00:06:29

Health: -3/37      AC:  1    Str: 12    XL:     5   Next: 1%
Magic:  5/5        EV: 15    Int: 12    God:
Gold:   271        SH:  5    Dex: 14    Spells: 4/4 levels left

rFire    . . .     SeeInvis .   a - +1 hand axe
rCold    . . .     Faith    .   (no shield)
rNeg     . . .     Spirit   .   (helmet restricted)
rPois    .         Reflect  +   i - amulet of reflection
rElec    .         Harm     .   (no ring)
rCorr    .         Rampage  .   (no ring)
Will     .....                  (no ring)
Stlth    +++.......             (no ring)
HPRegen  0.12/turn              (no ring)
MPRegen  0.09/turn              (no ring)
                                (no ring)
                                (no ring)

@: no status effects
A: almost no armour, stealthy swim, amphibious, 8 rings, constrict 8, camouflage
1, gelatinous body 1
a: no special abilities


You were on level 3 of the Dungeon.
You visited 1 branch of the dungeon, and saw 3 of its levels.

You collected 271 gold pieces.

Inventory:

Hand Weapons
 a - a +1 hand axe (weapon)
Jewellery
 i - an amulet of reflection (around mantle)
 l - an uncursed amulet of faith
Scrolls
 b - 6 scrolls of identify
 c - 2 scrolls of amnesia
 g - 2 scrolls of fog
 h - a scroll of remove curse
 j - a scroll of immolation {unknown}
Potions
 d - a potion of heal wounds
 e - 2 potions of attraction {unknown}
 f - a potion of lignification {unknown}
 m - a potion of haste {unknown}


   Skills:
 + Level 3.7 Fighting
 * Level 4.4 Axes
 + Level 3.7 Dodging
 - Level 2.6 Stealth


You had 4 spell levels left.
You didn't know any spells.
Your spell library contained the following spells:

 Spells                   Type           Power        Failure   Level
 Summon Small Mammal      Summ           0%           32%         1


Dungeon Overview and Level Annotations

Branches:
Dungeon (3/15)

Altars:
Sif Muna
Trog


Innate Abilities, Weirdness & Mutations

You cannot wear most types of armour.
You are very stealthy in the water. (Stealth+)
You are amphibious.
You can wear up to eight rings at the same time.
You can use your tentacles to constrict eight enemies at once.
Your skin changes colour to match your surroundings (Stealth+).
Your rubbery body absorbs attacks. (AC +1, EV +1)


Message History

You closely miss something. Your squeeze misses something.
You hear some strange, mumbled words.
A puff of frost appears from out of thin air!
The puff of frost misses you.
You barely miss something. Something hits you.
Something hits you but does no damage.
You barely miss something. You squeeze something. You block something's attack.
You closely miss something. You squeeze something.
You hear some strange, mumbled words.
A magic dart appears from out of thin air!
The magic dart hits you! Something hits you.
You hit something.
You hear some strange, mumbled words.
A puff of frost appears from out of thin air!
The puff of frost hits you!
* * * LOW HITPOINT WARNING * * *
You hear some strange, mumbled words.
A magic dart appears from out of thin air!
The magic dart hits you!
You die...

###.#.######################
#.#.# #........<..........
#.#.# #.##################
########.#.# #.# ####
.......#.#.# #.# .....
.#####.#.#.# #.####...... .#
#.#.#.# #.#go)...... .#
#.#.#.# #.#{##..g... .#
#.#.#.# #.#@# ..... .#
#.#.#.###.#.# r... .#
#.#...#...#.# .g. .#
#.#####.#.#)# .. .#
#.........#.# .
.###############.#
.................#
##################


You could see an orc and a goblin.

Vanquished Creatures
  Robin (D:2)
  A gnoll (D:3)
  2 adders (D:2)
  A white imp (D:3)
  An ooze (D:3)
  A leopard gecko (D:3)
  5 orcs (D:3)
  7 bats
  A giant cockroach (D:2)
  7 goblins (D:3)
  10 hobgoblins
  7 jackals (D:3)
  4 kobolds
  2 frilled lizards
  7 rats
57 creatures vanquished.

Notes
Turn   | Place    | Note
-------+----------+-------------------------------------------
     0 | D:1      | swilekon the Octopode Monk began the quest for the Orb.
     0 | D:1      | Reached XP level 1. HP: 16/16 MP: 1/1
   860 | D:2      | Reached XP level 2. HP: 18/21 MP: 2/2
  1052 | D:2      | Reached XP level 3. HP: 23/26 MP: 3/3
  1344 | D:2      | Found a faded altar of an unknown god.
  1699 | D:3      | Noticed Robin
  1780 | D:2      | Killed Robin
  1781 | D:2      | Reached skill level 4 in Axes
  1951 | D:3      | Reached XP level 4. HP: 31/31 MP: 4/4
  2184 | D:3      | Found a bloodstained altar of Trog.
  2203 | D:3      | Found a shimmering blue altar of Sif Muna.
  2344 | D:3      | Identified Sif Muna's Disquisition on Creation
  2696 | D:3      | Reached XP level 5. HP: 24/37 MP: 5/5
  2716 | D:3      | Killed from afar by an orc wizard

Illustrated notes

Levels and vault maps discovered:
D:1:      dpeg_arrival_solitude, layout_basic
D:2:      layout_basic, chequers_ecumenical_altar_simple_redux
D:3:      layout_basic, nzn_overflow_gifts_of_might_and_magic, uniq_robin

Skill      XL: |  1  2  3 |
---------------+----------+-----
Axes           | 4 |  4.4
Fighting       | |  3.7
Dodging        | |  3.7
Stealth        | |  2.6

Action                   |  1- 3 |  4- 6 || total
-------------------------+-------+-------++-------
Melee: Hand axe          |    54 |    68 ||   122
       Constrict         |    14 |    16 ||    30
       Tentacles         |     4 |    17 ||    21
  Use: Scroll            |     9 |       ||     9
       Potion            |       |     1 ||     1
 Stab: Sleeping          |     8 |     2 ||    10
Armor: Skin              |     1 |     4 ||     5
Dodge: Dodged            |    23 |    29 ||    52
Block: Other             |    10 |     7 ||    17
       Reflection        |     1 |     1 ||     2
